AoeStats
← gg_Karlinx

Arabia

510540426Analyzed
1v1 RM · 1d ago on Oct 1, 2026· 22m 58s· 2 players
Game mode
Random Map
Map size
Tiny (2 player)
Population
200
Speed
Normal
Resources
Standard
Victory
Conquest
Starting age
Dark Age
Ending age
Imperial Age
RankedLock teamsTeams togetherTeam positionsShared explorationLock speedFull tech treeHidden civsTurbo modeCheats
Victory
Defeat
🇨🇿 Khitans · Czechia
1273
+14
🇲🇾 Saxons · Malaysia
1231
-14
timtimchew
6:00 Loom
9:45 Feudal Age
9:57 Man-at-Arms
21:30 Castle Age
19:31 Double-Bit Axe
21:47 Wheelbarrow
21:38 Pikeman
23:00 Scale Mail Armor
23:12 Forging
gg_Karlinx
5:52 Loom
8:51 Feudal Age
9:48 Double-Bit Axe
13:18 Town Watch
19:51 Castle Age
18:24 Scale Barding Armor
18:36 Forging
19:40 Gold Mining
19:31 Domestication
21:00 Chain Barding Armor
23:58 Wheelbarrow
Connection lost

Rejoining the realm…

Still unreachable

The connection could not be restored.

Session expired

The server has moved on; the page needs a fresh start.